 Dungeon Crawl Stone Soup version 0.29-a0-810-g3812dd5c9c (webtiles) character file.

Game seed: 15584138751190069961

365 Lekart the Trooper (level 6, 0/53 HPs)
             Began as a Draconian Fighter on July 4, 2022.
             Slain by Pikel
             ... wielding a +1 whip of freezing
              (4 damage)
             ... while paralysed by Pikel
             ... on level 4 of the Dungeon.
             The game lasted 00:04:07 (2641 turns).

Lekart the Trooper (Draconian Fighter)              Turns: 2641, Time: 00:04:08

Health: 0/53       AC: 10    Str: 20    XL:     6   Next: 40%
Magic:  6/6        EV:  2    Int:  9    God:
Gold:   149        SH:  0    Dex: 16    Spells: 5/5 levels left

rFire   . . .      SeeInvis .   o - +0 whip (elec)
rCold   . . .      Faith    .   b - +0 buckler
rNeg    . . .      Spirit   .   (body armour unavailable)
rPois   .          Reflect  .   (helmet restricted)
rElec   .          Harm     .   (no cloak)
rCorr   .          Rampage  .   (no gloves)
Will    .....                   (no boots)
Stlth   +.........              (no amulet)
HPRegen 0.17/turn               j - +4 ring of protection
MPRegen 0.10/turn               p - +6 ring of dexterity

@: paralysed, slowed
A: AC +6, unfitting armour, cold-blooded
a: no special abilities


You were on level 4 of the Dungeon.
You visited 1 branch of the dungeon, and saw 4 of its levels.

You collected 149 gold pieces.

Inventory:

Hand Weapons
 a - a +0 war axe
 o - a +0 whip of electrocution (weapon)
Armour
 b - a +0 buckler (worn)
Jewellery
 g - a ring of flight
 j - a +4 ring of protection (left hand)
 p - a +6 ring of dexterity (right hand)
 x - a +4 ring of protection
Wands
 m - a wand of quicksilver (5)
 s - a wand of flame (18)
Scrolls
 d - 4 scrolls of fear {unknown}
 h - 2 scrolls of immolation {unknown}
 i - 2 scrolls of noise {unknown}
 k - a scroll of blinking {unknown}
 l - 2 scrolls of teleportation {unknown}
 q - a scroll of enchant weapon {unknown}
 r - a scroll of enchant armour {unknown}
 t - a scroll of brand weapon {unknown}
 w - a scroll of summoning {unknown}
Potions
 c - 2 potions of curing
 e - 2 potions of heal wounds
 f - 2 potions of attraction {unknown}
 n - a potion of brilliance {unknown}
 u - a potion of resistance {unknown}
 v - a potion of might


   Skills:
 + Level 4.4 Fighting
 + Level 4.1(4.3) Axes
 + Level 1.5(3.0) Maces & Flails
 + Level 3.9 Dodging
 + Level 4.2 Shields


You had 5 spell levels left.
You didn't know any spells.
Your spell library contained the following spells:

 Spells                   Type           Power      Damage    Failure   Level
 Apportation              Tloc           0%         N/A       45%         1
 Freeze                   Ice            0%         1d3       45%         1
 Necrotise                Necr           0%         1d4       45%         1
 Summon Small Mammal      Summ           0%         N/A       45%         1
 Sublimation of Blood     Necr           0%         N/A       61%         2
 Frozen Ramparts          Ice            0%         1d2       83%         3
 Hailstorm                Conj/Ice       0%         3d3       99%         4
 Petrify                  Tmut/Erth      0%         N/A       99%         4
 Irradiate                Conj/Tmut      0%         3d13      100%        5


Dungeon Overview and Level Annotations

Branches:
Dungeon (4/15)
 Temple: D:4-7

Altars:
Fedhas
Makhleb
Qazlal

Annotations:
D:3 Sigmund
D:4 Pikel


Innate Abilities, Weirdness & Mutations

Your plain brown scales are hard. (AC +6)
You cannot fit into any form of body armour.
You are cold-blooded and may be slowed by cold attacks.


Message History

You hit the ball python.
Lightning courses through the ball python!
You kill the ball python!
Pikel hits you with a +1 whip of freezing.
Pikel freezes you.
You hit Pikel but do no damage.
Your tail-slap misses Pikel.
Pikel is moderately wounded.
Pikel zaps a wand.
You resist with some effort.
You hit Pikel. You tail-slap Pikel, but do no damage.
Pikel is moderately wounded.
Pikel hits you with a +1 whip of freezing.
You feel yourself slow down. Pikel freezes you.
You hit Pikel.
Pikel is heavily wounded.
You block Pikel's attack.
You miss Pikel.
Pikel is heavily wounded.
You feel yourself speed up. Pikel closely misses you.
Pikel hits you but does no damage.
You hit Pikel.
Pikel is heavily wounded.
Pikel hits you with a +1 whip of freezing.
You feel yourself slow down. Pikel freezes you.
You completely miss Pikel.
Pikel is heavily wounded.
Pikel hits you with a +1 whip of freezing!
* * * LOW HITPOINT WARNING * * *
You feel as though you will be slow longer.
Pikel freezes you.
* * * LOW HITPOINT WARNING * * *
You barely miss Pikel.
Your tail-slap misses Pikel.
Pikel is heavily wounded.
Pikel zaps a wand.
You suddenly lose the ability to move!
Pikel hits you but does no damage.
Pikel hits you with a +1 whip of freezing.
* * * LOW HITPOINT WARNING * * *
Pikel freezes you.
* * * LOW HITPOINT WARNING * * *
Pikel hits you with a +1 whip of freezing.
You die...

#.#.##.# #.^...
###......#
###.##
#...##.#### #<##
####.##.# # #...
#.##.##.#.##
#### #
#..........# #
.#..#.#.....#.##
......†..####.#
..####@## # #K#
.5. .....
#.....# #####.#
.# .#


You could see Pikel and a lemure.

Vanquished Creatures
  Grinder (D:3)
  3 lemures (D:4)
  Ijyb (D:3)
  6 adders
  A gnoll (D:1)
  An ufetubus (D:4)
  2 worms
  3 dart slugs
  7 bats
  5 endoplasms
  5 giant cockroaches
  10 goblins
  9 hobgoblins
  2 quokkas (D:1)
  5 ball pythons
  2 frilled lizards
  5 kobolds
  3 rats (D:2)
71 creatures vanquished.

Vanquished Creatures (others)
  A withered plant (D:2)
1 creature vanquished.

Grand Total: 72 creatures vanquished

Notes
Turn   | Place    | Note
-------+----------+-------------------------------------------
     0 | D:1      | Lekart the Draconian Fighter began the quest for the Orb.
     0 | D:1      | Reached XP level 1. HP: 19/19 MP: 1/1
   260 | D:1      | Reached XP level 2. HP: 12/26 MP: 2/2
   587 | D:1      | Reached XP level 3. HP: 29/33 MP: 3/3
  1045 | D:2      | Found a faded altar of an unknown god.
  1270 | D:2      | Reached XP level 4. HP: 40/40 MP: 4/4
  1654 | D:3      | Noticed Grinder
  1660 | D:3      | Paralysed by Grinder for 2 turns
  1668 | D:3      | Killed Grinder
  1669 | D:3      | Reached skill level 1 in Maces & Flails
  1669 | D:3      | Reached XP level 5. HP: 18/46 MP: 5/5
  1669 | D:3      | Reached XP level 6. HP: 21/52 MP: 6/6
  1912 | D:3      | Noticed Ijyb
  1936 | D:3      | Killed Ijyb
  2189 | D:3      | Noticed Sigmund
  2315 | D:4      | Found a burning altar of Makhleb.
  2315 | D:4      | Found a blossoming altar of Fedhas.
  2434 | D:4      | Found a stormy altar of Qazlal.
  2596 | D:4      | Noticed Pikel
  2639 | D:4      | Paralysed by Pikel for 5 turns
  2641 | D:4      | Slain by Pikel

Illustrated notes

Levels and vault maps discovered:
D:1:      minmay_arrival_semitransparent, layout_basic
D:2:      layout_loops_ring, ebering_ecumenical_altar_petrified
D:3:      layout_loops_ring, kennysheep_potato, uniq_grinder, uniq_sigmund,
          uniq_ijyb
D:4:      layout_loops_cross, nicolae_qazlal_scattered_showers,
          nicolae_overflow_two_pavilions, led_sif_book, serial_shops,
          nicolae_shop_statue_plus, guppyfry_shop_venom, uniq_pikel

Skill      XL: |  1  2  3  4 |
---------------+-------------+-----
Dodging        | 3 |  3.9
Fighting       | 4 |  4.4
Axes           | 4 |  4.1
Maces & Flails | 1 |  1.5
Shields        | 4 |  4.2

Action                   |  1- 3 |  4- 6 || total
-------------------------+-------+-------++-------
Melee: War axe           |   127 |    13 ||   140
       Tailslap          |     9 |    20 ||    29
       Whip              |       |   132 ||   132
  Use: Potion            |       |     1 ||     1
 Stab: Sleeping          |     2 |     1 ||     3
Armor: Skin              |    62 |    45 ||   107
Dodge: Dodged            |    90 |    89 ||   179
Block: Buckler           |    34 |    28 ||    62

Table legend: (Time is in decaauts)
 A = Elapsed time spent in this place.
 B = Non-inter-level travel time spent in this place.
 C = Inter-level travel time spent in this place.
 D = Time resting spent in this place.
 E = Time spent auto-exploring this place.
 F = Levels seen in this place.
 G = Mean time per level.
                   A        B        C        D        E       F      G
               +--------+--------+--------+--------+--------+-----+--------+
         Total |   2699 |   2643 |     56 |      0 |   2059 |   4 |  674.8 |
       Dungeon |   2699 |   2643 |     56 |      0 |   2059 |   4 |  674.8 |
               +--------+--------+--------+--------+--------+-----+--------+

Top non-repeatable levels by time:
     D:1: 917 daAuts
     D:2: 758 daAuts
     D:3: 587 daAuts
     D:4: 434 daAuts
